 Dungeon Crawl Stone Soup version 0.31-a0-664-g902f515a81 (webtiles) character file.

Game seed: 1581825193825571945

67 Xavori the Cutter (level 4, 0/31 HPs)
             Began as an Octopode Chaos Knight on Sept 2, 2023.
             Was a Plaything of Xom.
             Killed by nerve-wracking pain
             ... invoked by a shadow imp
             ... summoned by Xom
              (11 damage)
             ... on level 3 of the Dungeon.
             The game lasted 00:02:26 (10306 turns).

Xavori the Cutter (Octopode Chaos Knight)          Turns: 10306, Time: 00:02:28

Health: 0/31       AC:  5    Str: 15      XL:     4   Next: 18%
Magic:  4/4        EV: 13    Int: 13      God:    Xom [.*....]
Gold:   162        SH:  0    Dex:  9 (12) Spells: 3/3 levels left

rFire   . . .        a - +0 short sword (chaos)
rCold   . . .        (no shield)
rNeg    . . .        n - +2 hat
rPois   .            (no amulet)
rElec   .            (no ring)
rCorr   .            (no ring)
SInv    .            (no ring)
Will    .....        (no ring)
Stlth   +++          (no ring)
HPRegen 0.25/turn    (no ring)
MPRegen 0.09/turn    (no ring)
                     (no ring)

%: no passive effects
@: no status effects
A: almost no armour, amphibious, 8 rings, camouflage 1, gelatinous body 1,
(nimble swimmer 1), tentacles, iridescent scales 1, strong 1, MP-powered wands
a: Renounce Religion


You were on level 3 of the Dungeon.
You worshipped Xom.
You were a plaything of Xom.
You visited 1 branch of the dungeon, and saw 3 of its levels.

You collected 250 gold pieces.
You spent 88 gold pieces at shops.

Inventory:

Hand Weapons
 a - a +0 short sword of chaos (weapon)
Armour
 n - a +2 hat (worn)
Talismans
 f - a granite talisman
Wands
 m - a wand of quicksilver (4)
Scrolls
 b - a scroll of butterflies
 c - a scroll of fear
 i - 2 scrolls of teleportation
 j - a scroll of noise {unknown}
 k - 2 scrolls of immolation
 p - a scroll of vulnerability {unknown}
Potions
 d - a potion of resistance {unknown}
 e - 3 potions of curing
 g - 4 potions of attraction {unknown}
 h - a potion of mutation {unknown}
 l - a potion of heal wounds
 o - a potion of haste {unknown}


   Skills:
 + Level 3.4 Fighting
 + Level 3.7 Short Blades
 + Level 2.7 Dodging
 + Level 1.7 Stealth
 * Level 0.2 Unarmed Combat
 * Level 0.1 Evocations
 * Level 0.7 Shapeshifting


You had 3 spell levels left.
You didn't know any spells.
Your spell library contained the following spells:

 Spells                   Type           Power      Damage    Failure   Level
 Kiss of Death            Conj/Necr      0%         2d5       30%         1
 Confusing Touch          Hex            0%         N/A       67%         3
 Tukima's Dance           Hex            0%         N/A       67%         3
 Dispel Undead            Necr           0%         3d6       97%         4
 Passage of Golubria      Tloc           0%         N/A       97%         4
 Yara's Violent Unravell  Hex/Tmut       0%         3d3       100%        5


Dungeon Overview and Level Annotations

Branches:
Dungeon (3/15)

Altars:
Xom

Shops:
D:1 =!


Innate Abilities, Weirdness & Mutations

You cannot wear most types of armour.
You are amphibious.
You can wear up to eight rings at the same time.
Your skin changes colour to match your surroundings (Stealth+).
Your rubbery body absorbs attacks. (AC +1, EV +1)
((You are camouflaged when in or above water. (Stealth+)))
You have tentacles for arms and can constrict up to eight enemies at once.
You are partially covered in iridescent scales. (AC +2)
Your muscles are strong. (Str +4, Int/Dex -1)
You expend magic power (3 MP) to strengthen your wands.


Message History

The quasit claws you but does no damage.
You hit the quasit. Your grab misses the quasit.
Your squeeze misses the quasit.
The quasit is lightly wounded.
The quasit closely misses you. x2; The quasit claws you.
You hit the quasit but do no damage. Your grab misses the quasit.
You squeeze the quasit!
The quasit is severely wounded.
The quasit barely misses you.
The quasit claws you but does no damage.
The quasit closely misses you.
Unknown command.
You hit the quasit but do no damage. Your grab misses the quasit.
The quasit is severely wounded.
The quasit completely misses you.
The quasit claws you but does no damage.
The quasit barely misses you.
Unknown command.
You closely miss the quasit. Your grab misses the quasit.
The quasit is severely wounded.
The quasit bites you. The quasit closely misses you.
The quasit barely misses you.
You completely miss the quasit. Your grab misses the quasit.
The quasit is severely wounded.
The quasit misses you.
The quasit claws you but does no damage.
The quasit barely misses you.
You closely miss the quasit. You grab the quasit. You squeeze the quasit.
You kill the quasit!
The quasit disappears in a puff of smoke!
You closely miss the shadow imp. You grab the shadow imp.
You constrict the shadow imp, but do no damage.
The shadow imp closely misses you.
You hit the shadow imp. Your squeeze misses the shadow imp.
The shadow imp is moderately wounded.
You constrict the shadow imp. The shadow imp gestures at you.
Pain shoots through your body!
You die... "Boring in life, boring in death..."

############# #.#####.......
............# ###.............
###########.# ####.......#..(....
#...# #.# #..'.......#.......
#...# #.###.##...[....##.####
#...# #.....##........##.# #...#
#....###........##.#
##...######....###........##.#
.....+.........+@55..........####
##...##........###.......#.......
.................................
##...##........###.##..#.....†...
#.........##..# #.##..###.......
#........###..###.#...# #.......
#........# ##.....#.#.###.......
#........# #.###...#...........
#........# #...#.##............


You could see a shadow imp (summoned) and an ufetubus (summoned).

Vanquished Creatures
  An adder (D:2)
  2 dart slugs
  5 orcs (D:3)
  5 ball pythons
  3 endoplasms (D:1)
  3 goblins
  8 hobgoblins
  A jackal (D:1)
  4 kobolds
  8 bats
  A frilled lizard (D:2)
  4 rats
45 creatures vanquished.

Notes
Turn   | Place    | Note
-------+----------+-------------------------------------------
     0 | D:1      | Xavori the Octopode Chaos Knight began the quest for the
                  | Orb.
     0 | D:1      | Reached XP level 1. HP: 16/16 MP: 1/1
   104 | D:1      | Reached XP level 2. HP: 16/21 MP: 2/2
   189 | D:1      | You fall into a shaft and drop 1 floor!
   353 | D:2      | XOM: silly message
   371 | D:2      | Reached XP level 3. HP: 25/26 MP: 3/3
   416 | D:2      | XOM: silly message
   608 | D:2      | XOM: divination: magic mapping
   987 | D:1      | Reached skill level 1 in Stealth
  1218 | D:1      | Found Lowushomm's Distillery.
  1226 | D:1      | Bought a potion of curing for 33 gold pieces
  1226 | D:1      | Bought a potion of heal wounds for 55 gold pieces
  1350 | D:1      | XOM is BORED!
  1350 | D:1      | XOM: noise
  1360 | D:1      | Found Rusontu's Jewellery Boutique.
  1818 | D:1      | XOM: summons 4 hostile shadow creatures
  1963 | D:2      | XOM: noise
  2130 | D:1      | XOM: god gift: wand of quicksilver (4)
  2308 | D:1      | XOM: scenery: create altars
  2585 | D:1      | XOM: divination: detect creatures
  2780 | D:1      | XOM: noise
  2991 | D:1      | XOM: cloud trail
  3177 | D:1      | XOM: divination: detect creatures
  3264 | D:1      | XOM: god gift: 22 gold pieces
  3450 | D:1      | XOM: cloud trail
  3466 | D:1      | XOM is BORED!
  4787 | D:1      | XOM: noise
  5467 | D:1      | XOM: scenery: summon butterflies
  5477 | D:1      | XOM: god gift: runed trident {god gift}
  6017 | D:1      | XOM: give mutations
  6017 | D:1      | Gained mutation: You expend magic power (3 MP) to
                  | strengthen your wands. [Xom's grace]
  6017 | D:1      | Gained mutation: You are partially covered in iridescent
                  | scales. (AC +2) [Xom's grace]
  6017 | D:1      | Gained mutation: Your muscles are strong. (Str +4, Int/Dex
                  | -1) [Xom's grace]
  6091 | D:1      | XOM: 10-stop teleportation journey
  6301 | D:1      | XOM: cloud trail
  6504 | D:1      | XOM: scenery: create altars
  6593 | D:1      | XOM is BORED!
  7277 | D:1      | XOM: silly message
  8150 | D:1      | XOM: silly message
  8349 | D:1      | XOM: silly message
  9180 | D:1      | XOM: divination: magic mapping
  9316 | D:1      | XOM: noise
  9538 | D:1      | XOM: silly message
  9602 | D:3      | XOM: silly message
  9619 | D:3      | Reached XP level 4. HP: 29/31 MP: 4/4
  9698 | D:3      | XOM is BORED!
  9698 | D:3      | XOM: silly message
  9856 | D:3      | XOM: divination: detect creatures
  9995 | D:3      | Found a faded altar of an unknown god.
 10122 | D:3      | XOM: summons 3 hostile demons
 10288 | D:3      | XOM: summons 3 hostile demons
 10306 | D:3      | Killed from afar by a shadow imp

Illustrated notes

Levels and vault maps discovered:
D:1:      tarquinn_simple_flora_water_d, layout_loops_ring, serial_shops, shop,
          nicolae_shop_real_fake_doors, minmay_distorted
D:2:      layout_loops_ring, minmay_pentomino_z2
D:3:      layout_basic, ebering_ecumenical_altar_sacrificial,
          amcnicky_mini_corridor_feature

Skill      XL: |  1  2  3 |
---------------+----------+-----
Stealth        | 1 |  1.7
Fighting       | |  3.4
Short Blades   | |  3.7
Dodging        | |  2.7
Unarmed Combat | |  0.2
Evocations     | |  0.1
Shapeshifting  | |  0.7

Action                     |  1- 3 |  4- 6 || total
---------------------------+-------+-------++-------
  Melee: Short sword       |    71 |    49 ||   120
         Constrict         |    15 |    11 ||    26
         Tentacles         |     7 |     8 ||    15
    Use: Scroll            |       |     3 ||     3
   Stab: Sleeping          |    11 |       ||    11
         Distracted        |     1 |       ||     1
 Armour: Skin              |    27 |    55 ||    82
  Dodge: Dodged            |    35 |    65 ||   100

Table legend: (Time is in decaauts)
 A = Elapsed time spent in this place.
 B = Non-inter-level travel time spent in this place.
 C = Inter-level travel time spent in this place.
 D = Time resting spent in this place.
 E = Time spent auto-exploring this place.
 F = Levels seen in this place.
 G = Mean time per level.
                   A        B        C        D        E       F      G
               +--------+--------+--------+--------+--------+-----+--------+
         Total |  10287 |  10180 |    107 |   8165 |   1652 |   3 | 3429.0 |
       Dungeon |  10287 |  10180 |    107 |   8165 |   1652 |   3 | 3429.0 |
               +--------+--------+--------+--------+--------+-----+--------+

Top non-repeatable levels by time:
     D:1: 8676 daAuts
     D:2: 874 daAuts
     D:3: 736 daAuts
